 Dungeon Crawl Stone Soup version 0.27-a0-1196-g3e9cee4cb2 (webtiles) character file.

Game seed: 3981195804762880329

16 pilgrim the Shooter (level 2, -1/17 HPs)
             Began as a Deep Elf Hunter on May 27, 2021.
             Slain by a jackal (3 damage)
             ... on level 1 of the Dungeon.
             The game lasted 00:01:33 (757 turns).

pilgrim the Shooter (Deep Elf Hunter)                Turns: 757, Time: 00:01:34

Health: -1/17      AC:  3    Str:  9    XL:     2   Next: 41%
Magic:  4/4        EV: 12    Int: 15    God:
Gold:   49         SH:  0    Dex: 15    Spells: 0/1 levels left

rFire    . . .     SeeInvis .   b - +0 short sword
rCold    . . .     Faith    .   (no shield)
rNeg     . . .     Spirit   .   c - +0 leather armour
rPois    .         Reflect  .   (no helmet)
rElec    .         Harm     .   (no cloak)
rCorr    .         Rampage  .   (no gloves)
Will     .....                  (no boots)
Stlth    ++........             (no amulet)
HPRegen  0.05/turn              (no ring)
MPRegen  0.09/turn              (no ring)

@: no status effects
A: no striking features
a: no special abilities


You were on level 1 of the Dungeon.
You visited 1 branch of the dungeon, and saw 2 of its levels.

You collected 49 gold pieces.

Inventory:

Hand Weapons
 a - a +1 shortbow
 b - a +0 short sword (weapon)
Missiles
 d - 19 arrows
Armour
 c - a +0 leather armour (worn)


   Skills:
 + Level 1.8 Fighting
 + Level 5.5 Bows
 + Level 2.8 Dodging
 + Level 1.9 Stealth


You couldn't memorise any spells.
You knew the following spells:

 Your Spells              Type           Power      Damage    Failure   Level
a - Corona                Hex            0%         N/A       36%         1

Your spell library contained the following spells:

 Spells                   Type           Power      Damage    Failure   Level
 Ensorcelled Hibernation  Hex/Ice        0%         N/A       50%         2
 Confusing Touch          Hex            0%         N/A       75%         3
 Dazzling Flash           Conj/Hex       0%         N/A       75%         3
 Tukima's Dance           Hex            0%         N/A       75%         3


Dungeon Overview and Level Annotations

Branches:
Dungeon (2/15)

Altars:

Annotations:
D:2 Jessica


Message History

You hit the jackal.
The jackal is moderately wounded.
The jackal bites you but does no damage.
You closely miss the jackal.
The jackal is moderately wounded.
The jackal bites you.
* * * LOW HITPOINT WARNING * * *
The jackal closely misses you.
You hit the jackal.
The jackal is severely wounded.
The jackal bites you.
* * * LOW HITPOINT WARNING * * *
You hit the jackal.
The jackal is almost dead.
The jackal barely misses you. x2
You hit the jackal.
You kill the jackal!
The jackal misses you.
You closely miss the jackal.
The jackal bites you but does no damage. x2
You hit the jackal but do no damage. The jackal barely misses you.
You closely miss the jackal. The jackal bites you.
* * * LOW HITPOINT WARNING * * *
The jackal barely misses you.
As you read the scroll labelled EVAEXZALOE, it crumbles to dust.
It is a scroll of identify.
f - a scroll of fog The jackal barely misses you.
As you read the scroll of fog, it crumbles to dust.
The scroll dissolves into smoke.
The jackal closely misses you. The jackal completely misses you.
The jackal closely misses you.
The jackal bites you but does no damage.
The jackal bites you but does no damage.
You barely miss the jackal.
The jackal bites you but does no damage.
You closely miss the jackal. The jackal barely misses you.
The jackal misses you.
You hit the jackal but do no damage. The jackal bites you.
You die...

#.#####.###############...#
#.......... #...#
###.......... #...#
#............ #...#
#.#.§K§...... #####
#.#.#§####### #### ####### #
#.#§# ..... #.....#
#.#§#######.......##.....#
#...§§§..Kh@................
###.##.######...... ##.....#
#. #§# ..... #.....# # #.#
.... #.....# #.# ... #.....#
#.# ## #.....# #.#####
#####.. #.....# #.# #.....#
#.#


You could see a jackal and a kobold.

Vanquished Creatures
  2 ball pythons (D:1)
  3 goblins (D:1)
  A hobgoblin (D:1)
  3 jackals (D:1)
  2 quokkas (D:1)
  3 rats (D:1)
14 creatures vanquished.

Notes
Turn   | Place    | Note
-------+----------+-------------------------------------------
     0 | D:1      | pilgrim the Deep Elf Hunter began the quest for the Orb.
     0 | D:1      | Reached XP level 1. HP: 12/12 MP: 3/3
    97 | D:1      | Reached XP level 2. HP: 17/17 MP: 4/4
   119 | D:1      | Learned a level 1 spell: Corona
   316 | D:2      | Noticed Jessica
   757 | D:1      | Slain by a jackal

Illustrated notes

Levels and vault maps discovered:
D:1:      saegor_arrival_simple_c, layout_basic
D:2:      layout_basic, amcnicky_mini_pool_small, grunt_decor_junction,
          minivault_19, minmay_fractal_squares_gapless_5, uniq_jessica,
          uniq_robin, uniq_natasha

Action                   || total
-------------------------++-------
Melee: Short sword       ||    51
 Fire: Shortbow          ||    19
  Use: Scroll            ||     2
 Stab: Sleeping          ||     1
Armor: Leather armour    ||    29
Dodge: Dodged            ||    39

Table legend: (Time is in decaauts)
 A = Elapsed time spent in this place.
 B = Non-inter-level travel time spent in this place.
 C = Inter-level travel time spent in this place.
 D = Time resting spent in this place.
 E = Time spent auto-exploring this place.
 F = Levels seen in this place.
 G = Mean time per level.
                   A        B        C        D        E       F      G
               +--------+--------+--------+--------+--------+-----+--------+
         Total |    762 |    762 |      0 |    118 |    511 |   2 |  381.0 |
       Dungeon |    762 |    762 |      0 |    118 |    511 |   2 |  381.0 |
               +--------+--------+--------+--------+--------+-----+--------+

Top non-repeatable levels by time:
     D:1: 757 daAuts
     D:2: 4 daAuts
